Map: Galactic Process LE

Players

Gracz

  • Race: Protoss Protoss
  • League: Silver

krooz - Winner!

  • Race: Terran Terran
  • League: Silver

VOD

Have the link to the VOD?

Description

Time

  • Played on: Sept. 23, 2016, 5:20 p.m.
  • Length: 21:19
Show
View Real Time Build Order
Export as new Build Order

Gracz Protoss 

Build Orders:  

Get SALT Encoding   

  12  0:02  Probe (Chrono Boost)  
  13  0:17  Pylon  
  13  0:18  Probe (Chrono Boost)  
  14  0:29  Probe (Chrono Boost)  
  15  0:41  Gateway  
  15  0:42  Assimilator  
  15  0:52  Probe (Chrono Boost)  
  16  1:03  Probe (Chrono Boost)  
  17  1:12  Gateway  
  17  1:13  Probe (Chrono Boost)  
  18  1:24  Probe (Chrono Boost)  
  19  1:28  Zealot  
  21  1:34  Probe (Chrono Boost)  
  22  1:42  Pylon  
  22  1:45  Probe (Chrono Boost)  
  23  2:08  Cybernetics Core  
  23  2:16  Nexus  
  23  2:20  Pylon  
  23  2:24  Probe (Chrono Boost)  
  24  2:34  Probe (Chrono Boost)  
  25  2:37  Assimilator  
  25  2:45  Probe (Chrono Boost)  
  25  2:46  Stalker  
  25  2:50  Stalker  
  30  2:59  Probe (Chrono Boost)  
  32  3:13  Probe (Chrono Boost)  
  32  3:22  Stargate, Warp Gate  
  32  3:24  Mothership Core (Chrono Boost)  
  34  3:30  Probe (Chrono Boost)  
  35  3:41  Probe (Chrono Boost)  
  36  3:44  Probe (Chrono Boost)  
  37  3:51  Probe (Chrono Boost)  
  37  3:54  Stargate  
  39  3:56  Probe (Chrono Boost)  
  39  4:02  Probe (Chrono Boost)  
  40  4:08  Probe (Chrono Boost), Phoenix, Gateway  
  43  4:12  Probe (Chrono Boost)  
  44  4:17  Assimilator  
  44  4:20  Probe (Chrono Boost)  
  44  4:23  Pylon, Probe (Chrono Boost)  
  46  4:38  Gateway  
  46  4:41  Phoenix  
  48  4:54  Probe (Chrono Boost)  
  48  4:55  Assimilator, Probe (Chrono Boost), Phoenix  
  53  5:07  Probe (Chrono Boost)  
  53  5:12  Phoenix  
  53  5:20  Phoenix  
  57  5:36  Phoenix  
  59  5:45  Phoenix  
  61  6:41  Pylon  
  61  6:52  Nexus  
  61  6:53  Void Ray  
  61  6:55  Pylon  
  61  6:58  Pylon  
  61  6:59  Probe x2 (Chrono Boost)  
  67  7:02  Assimilator  
  67  7:07  Assimilator  
  67  7:10  Probe (Chrono Boost)  
  67  7:11  Probe (Chrono Boost)  
  67  7:12  Void Ray  
  73  7:20  Probe (Chrono Boost), Cybernetics Core  
  75  7:23  Gateway  
  75  7:24  Probe (Chrono Boost)  
  75  7:30  Void Ray  
  79  7:42  Stalker  
  81  7:55  Void Ray  
  81  8:07  Void Ray  
  81  8:14  Pylon  
  81  8:17  Pylon  
  85  8:21  Robotics Facility  
  85  8:22  Robotics Facility  
  85  8:27  Stargate  
  85  8:30  Probe x2 (Chrono Boost)  
  85  8:32  Probe (Chrono Boost)  
  88  8:37  Stalker x2  
  88  8:38  Stalker x2, Void Ray  
  100  8:42  Pylon  
  100  8:45  Void Ray  
  100  8:49  Twilight Council  
  104  8:59  Pylon  
  104  9:06  Stalker  
  104  9:08  Stalker  
  108  9:12  Stalker  
  110  9:21  Void Ray  
  110  9:22  Void Ray  
  118  9:31  Robotics Bay  
  118  9:34  Observer  
  86  10:00  Void Ray  
  90  10:08  Void Ray  
  90  10:09  Void Ray  
  94  10:16  Blink  
  98  10:26  Probe x2 (Chrono Boost)  
  98  10:27  Probe (Chrono Boost)  
  101  10:37  Void Ray  
  101  10:38  Probe (Chrono Boost)  
  102  10:45  Void Ray  
  110  11:26  Void Ray x2  
  110  11:31  Void Ray  
  114  12:03  Void Ray  
  114  12:04  Void Ray  
  60  12:41  Stalker x3  
  60  12:42  Stalker  
  52  13:23  Stalker  
  52  13:24  Stalker x3  
  56  13:39  Probe (Chrono Boost)  
  57  13:50  Void Ray  
  57  13:51  Void Ray  
  57  13:52  Colossus x2  
  57  13:54  Forge  
  69  13:56  Forge x2, Void Ray  
  81  14:10  Stalker  
  81  14:11  Stalker  
  85  14:29  Stalker  
  85  14:30  Stalker  
  89  14:46  Disruptor x2  
  89  14:51  Mothership Core (Chrono Boost)  
  97  15:00  Stalker x2  
  97  15:01  Stalker  
  97  15:02  Stalker  
  97  15:03  Stalker  
  92  16:38  Stalker  
  92  16:39  Stalker  
  92  16:48  Stalker x2  
  92  16:49  Stalker  
  78  17:14  Stalker x2  
  78  17:15  Stalker x2  
  54  17:25  Stalker  
  35  17:42  Colossus x2  
  26  17:45  Stalker x3  
  26  17:48  Void Ray  
  26  17:50  Void Ray x2  
  8  18:51  Probe x2 (Chrono Boost)  
  11  19:03  Probe (Chrono Boost)  
  11  19:36  Probe (Chrono Boost)  
  12  20:33  Probe x2 (Chrono Boost)  
  14  20:55  Probe (Chrono Boost)  
Show
View Real Time Build Order
Export as new Build Order

krooz Terran - Winner!

Build Orders: MMM Bio 

Get SALT Encoding   

  12  0:02  SCV  
  13  0:14  SCV  
  13  0:21  Supply Depot  
  14  0:26  SCV  
  15  0:32  Supply Depot  
  15  0:45  Barracks  
  15  0:49  SCV  
  16  0:56  Refinery  
  16  1:08  SCV  
  17  1:15  Engineering Bay  
  17  1:20  SCV  
  18  1:31  Barracks  
  18  1:39  Orbital Command  
  18  1:54  Barracks Reactor  
  18  2:00  Missile Turret  
  18  2:04  SCV  
  19  2:13  Refinery  
  19  2:19  Barracks Tech Lab  
  19  2:27  SCV  
  20  2:36  Factory  
  20  2:47  SCV  
  20  2:48  Missile Turret  
  20  2:50  Marine x2  
  23  2:52  Concussive Shells  
  23  2:55  Marauder  
  25  2:59  SCV  
  26  3:06  Supply Depot  
  26  3:08  Terran Infantry Weapons Level 1  
  26  3:11  SCV  
  27  3:16  Marine  
  27  3:17  Marine  
  27  3:18  Marine  
  30  3:22  Factory Reactor  
  30  3:23  SCV  
  31  3:40  Starport, SCV  
  32  3:43  Marine  
  32  3:46  Marine  
  34  3:52  SCV  
  34  3:54  Supply Depot  
  35  3:58  Widow Mine  
  35  3:59  Widow Mine  
  39  4:13  Supply Depot  
  39  4:24  Starport Reactor  
  39  4:27  Widow Mine  
  39  4:28  Widow Mine  
  43  4:42  Stimpack  
  43  4:54  Marine  
  43  4:55  Marine x2, Command Center  
  46  5:12  Marine  
  46  5:13  Marine x2  
  49  5:30  Marine x2  
  49  5:34  Missile Turret  
  51  5:37  Medivac  
  53  5:50  Marine x2  
  53  5:53  Supply Depot  
  53  5:56  Missile Turret  
  55  6:06  Marine, Widow Mine  
  55  6:07  Widow Mine  
  55  6:08  Marine  
  61  6:19  Supply Depot  
  61  6:27  Orbital Command  
  61  6:31  SCV  
  62  6:33  Missile Turret  
  62  6:41  Supply Depot  
  62  6:43  SCV  
  63  6:52  Medivac x2  
  67  6:55  Terran Infantry Armor Level 1, SCV  
  68  7:02  Armory  
  68  7:03  Supply Depot  
  68  7:07  Starport  
  68  7:18  Combat Shields, Liberator  
  68  7:19  Marine  
  68  7:20  Factory, Marine x2  
  71  7:24  SCV  
  75  7:37  Marine x2  
  75  7:38  Marine  
  75  7:43  Refinery  
  78  7:48  Refinery  
  78  7:49  SCV  
  79  7:55  Marine x3  
  82  8:01  Supply Depot, SCV  
  83  8:13  Marine x3  
  83  8:14  SCV  
  87  8:25  Supply Depot  
  87  8:26  SCV  
  88  8:30  Medivac x2  
  88  8:31  Marine x3  
  95  8:38  Terran Vehicle Weapons Level 1, SCV  
  96  8:42  Liberator  
  96  8:48  Supply Depot, Factory Tech Lab  
  96  8:49  Marine  
  96  8:50  SCV  
  101  9:04  Terran Infantry Weapons Level 2  
  101  9:12  Supply Depot  
  73  10:01  Marine x3  
  71  10:13  Barracks  
  71  10:15  Barracks  
  71  10:19  Marine x3  
  71  10:21  Barracks  
  74  10:26  Medivac x2  
  78  10:31  Drilling Claws  
  78  10:34  Widow Mine x2  
  82  10:36  Marine x2  
  82  10:37  Marine  
  82  10:42  Terran Ship Weapons Level 1  
  85  10:46  SCV  
  86  10:54  Marine x3  
  89  11:02  Widow Mine  
  91  11:08  Starport Reactor  
  91  11:12  Missile Turret, Marine x3  
  94  11:19  Terran Infantry Armor Level 2  
  94  11:30  Marine x3  
  97  11:35  Marine x3  
  100  11:48  Marine x3  
  100  11:50  Command Center  
  100  11:53  Marine  
  102  12:01  Marine x2  
  102  12:05  Marine  
  102  12:06  Marine x2  
  89  12:11  Marine  
  84  12:19  Marine x2  
  86  12:23  Marine x2  
  86  12:24  Marine  
  86  12:28  Marine  
  86  12:37  Marine x2  
  85  12:42  Marine  
  82  12:44  Marine x2  
  82  12:46  Marine  
  84  12:54  Marine x2  
  86  12:59  Marine  
  86  13:02  Marine x2  
  86  13:04  Marine  
  90  13:12  Marine x2  
  89  13:17  Marine  
  90  13:20  Marine x2  
  90  13:22  Marine  
  92  13:30  Marine x2  
  91  13:35  Marine  
  91  13:37  Marine  
  91  13:38  Marine  
  91  13:40  Marine  
  95  13:47  Planetary Fortress  
  97  13:53  Marine  
  98  13:55  Marine x2  
  98  13:56  Barracks Reactor  
  98  13:58  Marine  
  98  14:02  Barracks Reactor  
  99  14:11  Marine  
  99  14:13  Marine x2  
  99  14:15  Medivac x2, Marine  
  99  14:16  Medivac x2  
  111  14:29  Marine  
  111  14:31  Marine x2  
  112  14:33  Marine  
  115  14:41  Supply Depot  
  125  14:45  Medivac  
  117  14:53  Refinery  
  117  14:58  Refinery  
  117  15:02  Marine x6, Medivac  
  125  15:23  Missile Turret  
  125  15:33  Supply Depot  
  125  15:35  Supply Depot  
  125  15:36  Supply Depot  
  125  15:37  Marine  
  125  15:55  Marine x8  
  131  16:12  Marine x6  
  115  16:30  Marine x5  
  109  16:42  Marine  
  109  16:44  Barracks  
  109  16:45  Barracks  
  108  16:48  Marine x4  
  108  16:49  Barracks  
  108  16:50  Supply Depot  
  108  16:51  Supply Depot x2  
  112  16:54  Thor  
  112  16:59  Marine  
  112  17:06  Marine x4  
  90  17:17  Marine  
  87  17:24  Marine x3  
  91  17:35  Marine  
  89  17:37  Thor  
  89  17:42  Marine x2  
  93  18:20  Thor  
  95  18:40  Marine  
  95  18:41  Marine x3  
  87  18:48  Barracks Reactor  
  87  18:50  Barracks Tech Lab  
  87  18:52  Barracks Reactor  
  87  18:58  Marine x2  
  87  18:59  Marine x2  
  91  19:16  Marine x3  
  91  19:17  Marine  
  95  19:24  Marine  
  95  19:25  Marine x2  
  95  19:27  Marine  
  95  19:28  Marine  
  100  19:34  Marine x2, Reaper  
  100  19:35  Reaper  
  100  19:37  Medivac  
  106  19:42  Marine x3  
  109  19:45  Marine x2  
  109  19:49  SCV  
  109  19:52  Marine x2  
  114  19:57  Command Center  
  114  20:00  Marine x3  
  114  20:01  SCV  
  114  20:03  Marine x2  
  114  20:06  Marine  
  122  20:07  Reaper  
  122  20:09  Marine  
  122  20:10  Marine  
  122  20:13  SCV  
  124  20:18  Marine x3  
  124  20:21  Marine x2  
  127  20:24  Marine  
  127  20:25  Medivac  
  127  20:27  Marine  
  127  20:28  Marine  
  134  20:36  Marine x3  
  134  20:39  Marine x3  
  134  20:42  Marine  
  141  20:45  Marine x2  
  143  20:53  Marine  
  143  20:54  Marine x2  
  143  20:56  Marine  
  143  20:57  Marine x2  
  147  21:00  Marine  
Tags
 
Add a new tag
Caveats
  • Supply blocks, unpowered buildings, or Contaminate may cause inaccurate times.
  • Supply counts are checked every 10 seconds.